 Dungeon Sprint DCSS version 0.31-a0-1-g4198be8af4 (webtiles) character file.

Game seed: 7074677585865073012

383 rocky1 the Thaumaturge (level 6, -2/39 HPs)
             Began as a Deep Elf Earth Elementalist on May 2, 2023.
             Was a High Priest of Sif Muna.
             Slain by a demonic crawler (11 damage)
             ... in the Dungeon (Sprint VII: "The Pits").
             The game lasted 00:02:11 (977 turns).

rocky1 the Thaumaturge (Deep Elf Earth Elementalist) Turns: 977, Time: 00:02:12

Health: -2/39      AC:  2    Str:  5    XL:     6   Next: 47%
Magic:  6/20       EV: 14    Int: 22    God:    Sif Muna [*****.]
Gold:   0          SH:  0    Dex: 15    Spells: 16/24 levels left

rFire   . . .        k - +1 long sword (flame)
rCold   . . .        (no shield)
rNeg    . . .        a - +0 robe
rPois   .            (no helmet)
rElec   .            (no cloak)
rCorr   .            (no gloves)
SInv    .            (no boots)
Will    .....        (no amulet)
Stlth   +++          (no ring)
HPRegen 0.26/turn    (no ring)
MPRegen 0.17/turn

%: no teleportation
@: very slightly contaminated
A: no striking features
a: Renounce Religion, Channel Magic, Forget Spell, Divine Exegesis


You were in the Dungeon.
You worshipped Sif Muna.
Sif Muna was extremely pleased with you.
You visited 1 branch

Inventory:

Hand Weapons
 k - a +1 long sword of flaming (weapon)
Armour
 a - a +0 robe (worn)
Scrolls
 i - 5 scrolls of amnesia
 j - a scroll of summoning
Potions
 b - 5 potions of magic
 c - 6 potions of curing
 d - 5 potions of heal wounds
 e - a potion of haste
 f - 3 potions of berserk rage
 h - 2 potions of invisibility


   Skills:
 * Level 4.3 Fighting
 + Level 4.4 Dodging
 + Level 4.1 Stealth
 + Level 9.7 Spellcasting
 + Level 2.2 Transmutations
 + Level 9.6 Earth Magic
 * Level 5.6 Invocations


You had 16 spell levels left.
You knew the following spells:

 Your Spells              Type           Power      Damage    Failure   Level
a - Sandblast             Erth           100%       2d20      1%          1
b - Stone Arrow           Conj/Erth      62%        3d10      2%          3
c - Petrify               Tmut/Erth      36%        N/A       5%          4

Your spell library contained the following spells:

 Spells                   Type           Power      Damage    Failure   Level
 Passwall                 Tmut/Erth      30%        N/A       1%          2


Dungeon Overview and Level Annotations

Branches:
Dungeon (1/1)

Altars:
Ashenzari
Cheibriados
Dithmenos
Elyvilon
Fedhas
Gozag
Hepliaklqana
Kikubaaqudgha
Makhleb
Nemelex Xobeh
Okawaru
Qazlal
Ru
Sif Muna
Trog
Uskayaw
Vehumet
Wu Jian
Xom
Yredelemnul
Zin
The Shining One
Jiyva
Lugonu


Message History

Anything else - Cancel.
You shout for attention!
You hear a hideous shriek!
Aiming: Stone Arrow (dangerous; 2% risk of failure)
Press: ? - help, Q - select action, (/) - cycle Shift-Dir - straight line, f - demonic crawler
Aim: a demonic crawler (88% to hit)
The stone arrow hits the demonic crawler!
The demonic crawler is moderately wounded.
Aiming: Stone Arrow (dangerous; 2% risk of failure)
Press: ? - help, Q - select action, (/) - cycle Shift-Dir - straight line, f/p - demonic crawler
Aim: a demonic crawler (lightly wounded, 88% to hit)
The stone arrow hits the demonic crawler!!
The demonic crawler is heavily wounded.
Aiming: Stone Arrow (dangerous; 2% risk of failure)
Press: ? - help, Q - select action, (/) - cycle Shift-Dir - straight line, f/p - demonic crawler
Aim: a demonic crawler (heavily wounded, 88% to hit)
The stone arrow hits the demonic crawler.
The demonic crawler is heavily wounded.
The demonic crawler hits you! x3
* * * LOW HITPOINT WARNING * * *
Blink to where?
Press: ? - help, Dir - move target, p - demonic crawler
As you read the scroll of blinking, it crumbles to dust.
Aiming: Stone Arrow (dangerous; 2% risk of failure)
Press: ? - help, Q - select action, (/) - cycle Shift-Dir - straight line, f - demonic crawler
Aim: a demonic crawler (lightly wounded, 88% to hit)
You miscast Stone Arrow.
You are very lightly contaminated with residual magic.
Nothing appears to happen.
Aiming: Stone Arrow (dangerous; 2% risk of failure)
Press: ? - help, Q - select action, (/) - cycle Shift-Dir - straight line, f/p - demonic crawler
Aim: a demonic crawler (lightly wounded, 88% to hit)
The stone arrow hits the demonic crawler!
The demonic crawler is moderately wounded.
You feel much better. The demonic crawler hits you!
The demonic crawler misses you.
The demonic crawler hits you but does no damage.
The demonic crawler hits you!
* * * LOW HITPOINT WARNING * * *
The demonic crawler hits you!
You die...

#.#..[)))..##.....
#'###########.....
#.......# ######
#รท.)....#
#...#...#
#..###..#+#
#...#...#.+
#.......#'#
#@s.....'.#
###########


You could see a demonic crawler.

Vanquished Creatures
  Menkaure (D)
  A floating eye (D)
  A kobold brigand (D)
  A quasit (D)
  An iguana (D)
  2 gnolls (D)
  2 giant cockroaches (D)
  A goblin (D)
  A hobgoblin (D)
  6 jackals (D)
  2 bats (D)
  A frilled lizard (D)
  A rat (D)
21 creatures vanquished.

Notes
Turn   | Place    | Note
-------+----------+-------------------------------------------
     0 | D        | rocky1 the Deep Elf Earth Elementalist began the quest for
                  | the Orb.
     0 | D        | Reached XP level 1. HP: 10/10 MP: 6/6
    11 | D        | Noticed a black bear
    11 | D        | Noticed an orc sorcerer
    29 | D        | Reached XP level 2. HP: 11/15 MP: 3/9
   184 | D        | Found a bloodstained altar of Trog.
   184 | D        | Found a shimmering blue altar of Sif Muna.
   184 | D        | Found a viscous altar of Jiyva.
   184 | D        | Found a hazy altar of Hepliaklqana.
   184 | D        | Found an opulent altar of Gozag.
   185 | D        | Found a glowing golden altar of the Shining One.
   185 | D        | Found a glowing silver altar of Zin.
   185 | D        | Found a basalt altar of Yredelemnul.
   185 | D        | Found a shimmering altar of Xom.
   185 | D        | Found an ornate altar of the Wu Jian Council.
   185 | D        | Found a sacrificial altar of Ru.
   185 | D        | Found a stormy altar of Qazlal.
   185 | D        | Found an iron altar of Okawaru.
   185 | D        | Found a sparkling altar of Nemelex Xobeh.
   185 | D        | Found a burning altar of Makhleb.
   185 | D        | Found a blossoming altar of Fedhas.
   185 | D        | Found a white marble altar of Elyvilon.
   185 | D        | Found a shadowy altar of Dithmenos.
   185 | D        | Found a snail-covered altar of Cheibriados.
   187 | D        | Found a radiant altar of Vehumet.
   187 | D        | Found a corrupted altar of Lugonu.
   188 | D        | Found a hide-covered altar of Uskayaw.
   188 | D        | Found an ancient bone altar of Kikubaaqudgha.
   188 | D        | Found a broken altar of Ashenzari.
   190 | D        | Became a worshipper of Sif Muna the Loreminder
   247 | D        | Reached * piety under Sif Muna
   248 | D        | Reached skill level 1 in Invocations
   391 | D        | Reached ** piety under Sif Muna
   392 | D        | Reached skill level 5 in Earth Magic
   510 | D        | Noticed a floating eye
   516 | D        | Killed a floating eye
   516 | D        | Reached *** piety under Sif Muna
   517 | D        | Reached XP level 3. HP: 17/22 MP: 4/12
   517 | D        | Reached XP level 4. HP: 21/27 MP: 4/14
   523 | D        | Learned a level 3 spell: Stone Arrow
   528 | D        | Learned a level 4 spell: Petrify
   643 | D        | Noticed a kobold brigand
   652 | D        | Reached **** piety under Sif Muna
   653 | D        | Reached XP level 5. HP: 32/32 MP: 12/16
   663 | D        | Noticed Menkaure
   668 | D        | Killed Menkaure
   669 | D        | Reached skill level 5 in Invocations
   669 | D        | Reached XP level 6. HP: 35/38 MP: 11/20
   852 | D        | Reached ***** piety under Sif Muna
   959 | D        | Noticed a demonic crawler
   977 | D        | Slain by a demonic crawler

Illustrated notes

Levels and vault maps discovered:
D:        pitsprint [storerooms_1, entrance_room_1, metal_vault_6, armoury_1,
          mini_pit_1, grid_room_1, main_hall_1, silver_pit, the_coven_2,
          the_vestibule_1, steel_vault_1, golden_pit, hallway_of_sentries,
          crystal_vault_3, iron_vault_5, final_vault]

Skill      XL: |  1  2  3  4  5 |
---------------+----------------+-----
Dodging        | 3 4 |  4.4
Stealth        | 3 4 |  4.1
Spellcasting   | 4 6 7 9 |  9.7
Earth Magic    | 4 7 9 |  9.6
Invocations    | 3 5 |  5.6
Transmutations | 2 |  2.2
Fighting       | 2 3 4 |  4.3

Action                     |  1- 3 |  4- 6 || total
---------------------------+-------+-------++-------
   Cast: Sandblast         |    16 |    14 ||    30
         Stone Arrow       |       |     4 ||     4
    Use: Scroll            |       |     1 ||     1
         Potion            |       |     1 ||     1
 Armour: Robe              |       |     1 ||     1
  Dodge: Dodged            |    12 |     2 ||    14

Table legend: (Time is in decaauts)
 A = Elapsed time spent in this place.
 B = Non-inter-level travel time spent in this place.
 C = Inter-level travel time spent in this place.
 D = Time resting spent in this place.
 E = Time spent auto-exploring this place.
 F = Levels seen in this place.
 G = Mean time per level.
                   A        B        C        D        E       F      G
               +--------+--------+--------+--------+--------+-----+--------+
         Total |    991 |    978 |     13 |    764 |     11 |   1 |  991.0 |
       Dungeon |    991 |    978 |     13 |    764 |     11 |   1 |  991.0 |
               +--------+--------+--------+--------+--------+-----+--------+

Top non-repeatable levels by time:
       D: 991 daAuts
